Map: Hielo y cromo EE

Players

QQHan - Winner!

  • Race: Terran Terran
  • Spawn Location: 1:00

MrFercho

  • Race: Zerg Zerg
  • League: Gold
  • Spawn Location: 7:00

VOD

Have the link to the VOD?

Description

Time

  • Played on: Aug. 8, 2020, 4:15 p.m.
  • Length: 10:51
Show
View Real Time Build Order
Export as new Build Order

QQHan Terran - Winner!

Build Orders:  

Get SALT Encoding   

  12  0:03  SCV  
  13  0:15  SCV  
  14  0:26  Supply Depot  
  14  0:27  SCV  
  15  0:48  SCV  
  16  0:55  Barracks  
  16  1:03  Supply Depot  
  16  1:04  SCV  
  17  1:16  SCV  
  18  1:27  Command Center  
  18  1:42  Orbital Command  
  18  1:44  Marine  
  19  1:47  Refinery  
  19  1:56  Barracks  
  19  2:02  Marine  
  20  2:12  SCV  
  21  2:20  Marine  
  22  2:25  SCV  
  23  2:42  Orbital Command  
  23  2:44  SCV  
  24  2:46  Barracks Tech Lab  
  24  2:54  Marine  
  24  3:12  Marine  
  25  3:18  Orbital Command  
  25  3:20  Marine  
  25  3:25  Factory  
  26  3:30  Marine  
  26  3:33  Engineering Bay  
  27  3:37  SCV  
  27  3:38  Supply Depot  
  27  3:39  Marine  
  29  3:48  Marine, Refinery  
  30  3:49  SCV  
  30  3:54  SCV  
  32  3:57  Marine  
  33  4:05  Marine  
  32  4:15  Marauder, Factory Reactor  
  33  4:23  Marine  
  34  4:28  Barracks x2  
  34  4:36  Marauder, SCV  
  37  4:41  Marine  
  37  4:43  Supply Depot  
  37  4:45  Supply Depot  
  38  4:48  SCV  
  38  4:51  SCV  
  40  4:58  Marauder  
  40  4:59  Marine  
  43  5:03  Stimpack, SCV  
  44  5:07  Terran Infantry Armor Level 1  
  44  5:10  Engineering Bay  
  43  5:15  SCV  
  43  5:17  Marine  
  43  5:19  Marauder  
  42  5:26  Bunker  
  42  5:27  Bunker  
  41  5:30  Barracks Tech Lab  
  41  5:37  Barracks Tech Lab  
  41  5:41  Marauder  
  43  5:55  Starport  
  43  5:56  Terran Infantry Weapons Level 1  
  43  6:00  Marauder, Marine  
  43  6:02  Marauder, Marine  
  49  6:04  Refinery  
  49  6:08  Supply Depot  
  48  6:18  Marine  
  49  6:19  SCV  
  49  6:20  Marauder  
  49  6:22  Marauder  
  49  6:23  Marauder  
  56  6:31  SCV  
  57  6:37  Marine  
  58  6:42  Marauder  
  58  6:43  Marine  
  58  6:45  Marauder  
  63  6:54  Medivac  
  63  6:55  Marine  
  63  7:00  Medivac  
  70  7:01  Marauder  
  70  7:02  Marine  
  70  7:06  Marauder  
  73  7:13  Marine  
  74  7:20  Marine  
  77  7:22  Marauder  
  77  7:24  Supply Depot  
  77  7:25  Supply Depot  
  77  7:27  Marine  
  78  7:30  Supply Depot  
  78  7:46  Marauder x2, Medivac, Marine x2  
  85  8:03  Marine x2  
  87  8:06  Medivac  
  87  8:07  Marauder  
  87  8:08  Marauder  
  93  8:21  Marine x2  
  94  8:29  Marauder x2  
  90  8:38  Medivac  
  90  8:39  Medivac, Marine x2  
  90  8:40  SCV  
  97  8:42  SCV  
  98  8:50  Marauder, Marine  
  98  8:52  SCV  
  98  8:55  SCV  
  102  8:58  Marine  
  102  9:01  Marauder  
  101  9:08  Marauder  
  98  9:11  Marine  
  98  9:13  Barracks  
  98  9:16  Supply Depot, Marine  
  99  9:20  Supply Depot  
  99  9:23  Marauder  
  98  9:29  Marauder, Marine  
  96  9:33  Marine  
  95  9:44  Marauder  
  97  9:47  Marine  
  86  9:59  Marine  
  81  10:00  Marauder  
  81  10:05  Marauder, Marine  
  66  10:17  Marine  
  66  10:21  Marauder  
  66  10:22  Marine  
  66  10:27  Marauder  
Show
View Real Time Build Order
Export as new Build Order

MrFercho Zerg 

Build Orders: Hatch First 

Get SALT Encoding   

  12  0:00  Drone  
  13  0:13  Overlord  
  13  0:21  Drone  
  14  0:37  Drone x3  
  17  0:56  Drone  
  18  0:58  Hatchery  
  18  1:01  Drone  
  18  1:10  Extractor  
  17  1:15  Spawning Pool  
  16  1:20  Drone  
  16  1:22  Drone  
  18  1:31  Drone  
  19  1:44  Drone  
  20  1:53  Overlord  
  20  2:03  Queen  
  22  2:11  Drone  
  22  2:13  Drone  
  24  2:16  Drone  
  25  2:23  Drone  
  25  2:27  Queen  
  25  2:28  Drone  
  29  2:41  Zergling x4  
  29  2:43  Overlord  
  31  2:46  Drone  
  31  2:49  Lair  
  32  2:55  Drone  
  33  3:05  Overlord  
  33  3:06  Overlord  
  33  3:17  Queen  
  33  3:19  Drone  
  36  3:21  Overlord  
  36  3:24  Extractor  
  36  3:25  Extractor  
  34  3:49  Roach Warren, Drone x3  
  34  3:50  Drone x3  
  34  3:51  Drone x2  
  34  3:52  Drone x3  
  44  4:01  Spine Crawler  
  41  4:28  Evolution Chamber  
  41  4:29  Drone x4  
  44  4:35  Glial Reconstitution  
  44  4:38  Roach x7  
  58  4:52  Queen  
  60  4:54  Zerg Missile Weapons Level 1  
  60  4:57  Overlord x2  
  58  5:27  Queen  
  60  5:57  Drone x2  
  60  5:58  Drone  
  60  6:00  Drone x3  
  66  6:13  Hatchery  
  66  6:15  Overlord x3  
  66  6:18  Drone x9  
  74  6:32  Hydralisk Den  
  73  6:40  Drone  
  73  6:42  Hatchery  
  73  6:43  Extractor  
  72  6:53  Drone x6  
  78  7:21  Hydralisk x7, Grooved Spines  
  92  7:30  Zerg Missile Weapons Level 2  
  92  7:50  Extractor, Queen  
  93  7:53  Extractor, Drone x3  
  93  7:55  Drone x3  
  93  7:56  Drone x2  
  93  7:57  Drone  
  101  8:02  Overlord x3  
  101  8:04  Overlord x2  
  101  8:05  Overlord  
  101  8:12  Hatchery  
  100  8:17  Hydralisk x2  
  98  8:29  Hydralisk x12  
  98  8:32  Muscular Augments  
  100  8:37  Hydralisk  
  82  8:54  Hydralisk x8  
  73  9:16  Hydralisk x8  
  77  9:29  Hydralisk x5  
  77  9:34  Hydralisk  
  77  9:35  Hydralisk  
  61  9:53  Hydralisk x2  
  58  10:00  Hydralisk  
  58  10:03  Overlord x2  
  58  10:04  Zergling x10  
  57  10:14  Zergling x2  
  46  10:22  Hydralisk  
  46  10:23  Hydralisk  
  47  10:30  Zergling x6  
  47  10:31  Zergling x6  
Tags
 
League
Gold
Matchup
TvZ
Replay Pack
MrFercho
Spawn Locations
Cross Positions
Add a new tag
Caveats
  • Supply blocks, unpowered buildings, or Contaminate may cause inaccurate times.
  • Supply counts are checked every 10 seconds.